Cogmind - Beta 13 @@@ ROGUE MODE // 2024.05.24 @ 04:02:12 Player: GFYguy Result: Self-destructed Performance ------------- Evolutions (2) 1000 Regions Visited (3) 600 Robots Destroyed (15) 75 Value Destroyed (407) 407 Prototype IDs (3) 60 Alien Tech Used (0) 0 Bonus (0) 0 TOTAL SCORE: 2142 Bonus ------- None Cogmind --------- Core Integrity 464/550 Matter 115/300 Energy 7/100 System Corruption 0% Temperature Cool (0) Movement Core (50) Location -8/Materials Parts ------- > --- POWER (1) -------- (None) > --- PROPULSION (4) --- Improved Flight Unit Improved Flight Unit Improved Flight Unit > --- UTILITY (4) ------ Small Storage Unit Weight Redist. System Weight Redist. System > --- WEAPON (2) ------- Autogun > --- INVENTORY (8) ---- Compact Wheel Improved Flight Unit Improved Flight Unit Improved Signal Interpreter Improved Propulsion Shielding Improved Propulsion Shielding Hardened Medium Armor Plating Autogun Peak State ------------ > --- POWER ------------ Improved Ion Engine > --- PROPULSION ------- Hover Unit Improved Hover Unit Improved Hover Unit Improved Hover Unit > --- UTILITY ---------- Small Storage Unit Weight Redist. System Reaction Control System Improved Propulsion Shielding > --- WEAPON ----------- Autogun Autogun > --- INVENTORY -------- Compact Wheel Improved Flight Unit Weight Redist. System Improved Signal Interpreter Improved Propulsion Shielding Improved Propulsion Shielding Hardened Medium Armor Plating Autogun [Rating: 24] Favorites ----------- Power Light Ion Engine Engine Light Ion Engine Propulsion Improved Hover Unit Wheel Compact Wheel Hover Unit Improved Hover Unit Flight Unit Improved Flight Unit Utility Small Storage Unit Device Weight Redist. System Storage Small Storage Unit Protection Medium Armor Plating Weapon Autogun Energy Gun Medium Laser Ballistic Gun Autogun Build | -11 -10 -9 -8 ------- Run | Yrd Mat Mat Mat Slots Evolved 4 | . . 2 2 Power . | . . . . Propulsion 2 | . . 2 . Utility 2 | . . . 2 Weapon . | . . . . Parts Attached 37 | 1 7 19 10 Power 4 | . 2 1 1 Engine 4 | . 2 1 1 Core . | . . . . Reactor . | . . . . Propulsion 12 | . 2 6 4 Treads . | . . . . Leg . | . . . . Wheel 2 | . 1 1 . Hover 5 | . . 4 1 Flight 5 | . 1 1 3 Utility 11 | . 2 4 5 Device 6 | . 1 1 4 Storage 2 | . 1 1 . Processor . | . . . . Hackware . | . . . . Protection 3 | . . 2 1 Artifact . | . . . . Weapon 10 | 1 1 8 . Energy Gun 5 | . 1 4 . Energy Cannon . | . . . . Ballistic Gun 5 | 1 . 4 . Ballistic Cannon . | . . . . Launcher . | . . . . Special Weapon . | . . . . Impact Weapon . | . . . . Slashing Weapon . | . . . . Piercing Weapon . | . . . . Special Melee Weapon . | . . . . Unidentified Prototypes 1 | . . 1 . Parts Lost 8 | . 2 1 5 Power 2 | . 1 . 1 Propulsion 3 | . 1 1 1 Utility 2 | . . . 2 Weapon 1 | . . . 1 Highest Loss Streak 5 | . 2 1 5 To Critical Strikes . | . . . . Average Slot Usage (%) 84 | . 55 92 95 Engine 9 | . 10 10 7 Wheel 3 | . 10 2 . Hover 25 | . . 34 29 Flight 1 | . . 1 4 Device 4 | . . 2 14 Storage 10 | . 10 11 9 Protection 7 | . . 8 12 Energy Gun 3 | . 10 2 . Ballistic Gun 17 | . 13 19 17 Naked Turns . | . . . . Heaviest Build 27 | 1 11 21 27 Greatest Support 33 | 3 16 28 33 Greatest Overweight (x) 2 | . 1 2 1 Average Overweight (x) . | . . . . Largest Inventory Capacity 8 | 5 8 8 8 Average Capacity 7 | 5 7 7 8 Most Carried 8 | 5 5 8 8 Average Carried 5 | 3 2 6 7 Final Capacity 8 | 5 5 8 8 Final Carried 8 | 5 5 8 8 Class Distribution -------------------- 100% | Mutant Dominant Class ---------------- Mutant | -10/Materials Mutant | -9/Materials Mutant | -8/Materials Resources | -11 -10 -9 -8 ----------- Run | Yrd Mat Mat Mat Matter Collected 593 | 210 59 324 . Remotely . | . . . . Salvage Created 551 | . 172 324 55 Parts 41 | . 12 24 5 Haulers Intercepted 1 | . 1 . . Recyclers Shooed 1 | . . 1 . Parts Field Recycled . | . . . . Retrieved Matter . | . . . . Parts Self-Destructed . | . . . . Prevented . | . . . . Kills | -11 -10 -9 -8 ------- Run | Yrd Mat Mat Mat Combat Hostiles Destroyed 12 | . 5 6 1 Guns 12 | . 5 6 1 Classes Destroyed 6 | . 3 3 . Hauler 1 | . 1 . . Watcher 2 | . . 2 . Swarmer 3 | . 3 . . Grunt 6 | . 2 4 . Brawler 1 | . . 1 . Sentry 2 | . . 1 1 Best Kill Streak 6 | . 6 4 1 Combat Bots Only 5 | . 5 3 1 Max Kills in Single Turn 2 | . 2 1 1 Gunslinging 1 | . 1 . . Exploded . | . . . . Melee . | . . . . Uniques/NPCs Destroyed . | . . . . Combat | -11 -10 -9 -8 -------- Run | Yrd Mat Mat Mat Hostile Shots Fired 145 | . 31 38 76 Missed 62 | . 11 17 34 Damage Taken 1036 | . 211 275 550 Core 174 | . 60 28 86 Absorbed by Shields . | . . . . Redirected to Shielding 101 | . . . 101 Regen/Repaired (Parts) 15 | . . 15 . Core Remaining (%) 89 | 100 76 93 . Volleys Fired 47 | . 19 21 7 Largest 2 | . 2 2 2 Hottest 70 | . 70 46 46 Shots Fired 91 | . 35 42 14 Gun 91 | . 35 42 14 Cannon . | . . . . Launcher . | . . . . Special . | . . . . Kinetic 75 | . 19 42 14 Thermal 16 | . 16 . . Explosive . | . . . . Electromagnetic . | . . . . Robot Hit Streak 11 | . 5 7 11 Robot Miss Streak 3 | . 3 3 1 Penetration Max . | . . . . Secondary Targets 5 | . 3 2 . Max Gunslinging Chain 1 | . 1 1 . Shots Hit Robots 60 | . 22 26 12 Core Hits 26 | . 12 12 2 Critical Kills . | . . . . Critical Parts Destroyed . | . . . . Critical Strikes 2 | . 2 . . Burn 2 | . 2 . . Melee Attacks . | . . . . Impact . | . . . . Slashing . | . . . . Piercing . | . . . . Sneak Attacks . | . . . . Combat Hostiles . | . . . . Follow-up Attacks . | . . . . Damage Inflicted 830 | . 218 425 187 Guns 830 | . 218 425 187 Cannons . | . . . . Explosions . | . . . . Melee . | . . . . Ramming . | . . . . Kinetic 719 | . 107 425 187 Thermal 111 | . 111 . . Explosive . | . . . . Electromagnetic . | . . . . Impact . | . . . . Slashing . | . . . . Piercing . | . . . . Highest Corruption . | . . . . Average Corruption . | . . . . Corruption Purged . | . . . . Corruption Blocked . | . . . . Overload Shots . | . . . . Overflow Damage . | . . . . Projectiles . | . . . . Explosions . | . . . . Melee . | . . . . Knockbacks . | . . . . Impact . | . . . . Kinetic . | . . . . Secondary . | . . . . Self-Inflicted Damage . | . . . . Shots . | . . . . Rammed . | . . . . Targets Rammed . | . . . . Kicked . | . . . . Crushed . | . . . . Highest Temperature 190 | . 190 91 35 Average Temperature 47 | . 75 37 12 Received Heat Transfer 486 | . 72 126 288 Siege Activations . | . . . . Robots Corrupted . | . . . . Combat Hostiles . | . . . . Parts Fried . | . . . . Impact Corruptions . | . . . . Robots Melted . | . . . . Combat Hostiles . | . . . . Parts Melted 2 | . 2 . . Heat Transferred 481 | . 481 . . Parts Sabotaged . | . . . . Parts Stolen . | . . . . Parts Stripped . | . . . . Power Chain Reactions . | . . . . Alert | -11 -10 -9 -8 ------- Run | Yrd Mat Mat Mat Peak Influence 263 | . 162 263 153 Initial 83 | . . 59 83 Average 109 | . 67 140 98 Maximum Alert Level 1 | . . 1 . Low Security (%) 83 | 100 100 67 100 Level 1 16 | . . 32 . Level 2 . | . . . . Level 3 . | . . . . Level 4 . | . . . . Level 5 . | . . . . High Security . | . . . . Max Security . | . . . . Squads Dispatched 3 | . 1 1 1 Investigation 1 | . . . 1 Extermination . | . . . . Reinforcement 2 | . 1 1 . Assault . | . . . . Garrison . | . . . . Intercept . | . . . . Searches Triggered . | . . . . Construction Impeded . | . . . . Haulers Reinforced . | . . . . Active Scanning Responses . | . . . . Cargo Convoy Interrupts . | . . . . Stealth | -11 -10 -9 -8 --------- Run | Yrd Mat Mat Mat Distress Signals 1 | . . 1 . Communications Jammed . | . . . . Distress Signals . | . . . . Times Spotted 38 | . 12 16 10 Peak Tracking Total 7 | . 7 6 7 Tactical Retreats 6 | . 1 4 1 Traps | -11 -10 -9 -8 ------- Run | Yrd Mat Mat Mat Traps Triggered 1 | . . . 1 Indirectly . | . . . . Trap Hack Attempts . | . . . . Triggered . | . . . . Disarmed . | . . . . Reprogrammed . | . . . . Reused . | . . . . Traps Extracted . | . . . . Installed . | . . . . Triggered . | . . . . Machines | -11 -10 -9 -8 ---------- Run | Yrd Mat Mat Mat Machines Disabled . | . . . . Max in Single Turn . | . . . . Machines Repaired . | . . . . Machines Dismantled . | . . . . Machines Sabotaged . | . . . . Overloaded Fab Kills . | . . . . Hacking | -11 -10 -9 -8 --------- Run | Yrd Mat Mat Mat Machines Accessed 5 | . 1 4 . Terminals 3 | . 1 2 . Fabricators . | . . . . Repair Stations 1 | . . 1 . Recycling Units 1 | . . 1 . Scanalyzers . | . . . . Garrison Access . | . . . . Total Hacks 17 | . 5 12 . Successful 11 | . 2 9 . Failed 6 | . 3 3 . Catastrophic 1 | . . 1 . Database Lockouts . | . . . . Manual . | . . . . Terminals 9 | . 5 4 . Fabricators . | . . . . Repair Stations 2 | . . 2 . Recycling Units 6 | . . 6 . Scanalyzers . | . . . . Garrison Access . | . . . . Terminal Hacks 4 | . 2 2 . Prototype ID Bank 1 | . 1 . . Hauler Manifests 2 | . . 2 . Zone Layout 1 | . 1 . . Fabricator Hacks . | . . . . Repair Station Hacks 2 | . . 2 . Scan Component 1 | . . 1 . Repair 1 | . . 1 . Recycling Unit Hacks 5 | . . 5 . Recycle Component 1 | . . 1 . Process 1 | . . 1 . Report Inventory 2 | . . 2 . Retrieve Matter 1 | . . 1 . Scanalyzer . | . . . . Garrison Access Hacks . | . . . . Unauthorized Hacks . | . . . . Terminals . | . . . . Fabricators . | . . . . Repair Stations . | . . . . Recycling Units . | . . . . Scanalyzers . | . . . . Garrison Access . | . . . . Data Cores Recovered . | . . . . Used . | . . . . Hacking Detections 4 | . 1 3 . Full Trace Events 1 | . . 1 . Feedback Events . | . . . . Feedback Blocked . | . . . . Robot Schematics Acquired . | . . . . Robots Built . | . . . . Authchips . | . . . . Time . | . . . . Total Robot Build Rating . | . . . . Part Schematics Acquired . | . . . . Parts Built . | . . . . Authchips . | . . . . Time . | . . . . Total Part Build Rating . | . . . . Parts Repaired 1 | . . 1 . Time 26 | . . 26 . Parts Recycled 1 | . . 1 . Recycled Matter 46 | . . 46 . Retrieved Matter . | . . . . Retrieved Components . | . . . . Parts Scanalyzed . | . . . . Part Schematics Acquired . | . . . . Parts Damaged . | . . . . Bothacking | -11 -10 -9 -8 ------------ Run | Yrd Mat Mat Mat Used RIF Installer . | . . . . Robots Hacked . | . . . . Non-combat . | . . . . Combat . | . . . . Robot Hacks Applied . | . . . . Relay Couplers Released . | . . . . Fabnet Peak Effective % . | . . . . Robots Rewired . | . . . . Allies Hacked . | . . . . Hacks Repelled . | . . . . Allies | -11 -10 -9 -8 -------- Run | Yrd Mat Mat Mat Total Allies . | . . . . Largest Group . | . . . . Highest-Rated Group . | . . . . Highest-Rated Ally . | . . . . Total Orders . | . . . . Ally Attacks . | . . . . Total Damage . | . . . . Kills . | . . . . Allies Corrupted . | . . . . Allies Melted . | . . . . Intel | -11 -10 -9 -8 ------- Run | Yrd Mat Mat Mat Robot Analysis Total . | . . . . Derelict Logs Recovered . | . . . . Drone Launches . | . . . . Drone Recoveries . | . . . . Exploration | -11 -10 -9 -8 ------------- Run | Yrd Mat Mat Mat Turns Passed 931 | 28 209 463 231 Spaces Moved 969 | 39 198 542 190 Core 124 | 39 85 . . Treads . | . . . . Legs . | . . . . Wheels 162 | . 97 65 . Hover 620 | . . 476 144 Flight 63 | . 16 1 46 Fastest Speed 34 | 50 40 48 34 Average Speed 56 | 50 74 54 45 Slowest Speed 185 | 50 100 185 107 Overloaded Moves . | . . . . Propulsion Burnouts . | . . . . Robots Hopped 7 | . . . 7 Cave-ins Triggered . | . . . . Exploration Rate (%) 28 | 3 42 46 22 Regions Visited 3 Branch Regions . Pre-discovered Areas . | . . . . Known Exits Taken . | . . . . Unknown Exits Taken 3 | 1 1 1 . Scrap Searched . | . . . . Spaces Dug . | . . . . Terrain Destroyed . | . . . . Melee . | . . . . Projectile . | . . . . AOE . | . . . . Terrain Rammed . | . . . . Walls Destroyed . | . . . . Machines Disabled . | . . . . Actions | -11 -10 -9 -8 --------- Run | Yrd Mat Mat Mat Total 1264 | 46 228 672 318 Wait 172 | 1 . 68 103 Move 955 | 38 197 541 179 Hop 4 | . . . 4 Pick Up 32 | 6 2 15 9 Fast Attach 4 | . 1 2 1 Attach 23 | 1 5 10 7 Detach 6 | . 3 3 . Swap 10 | . 1 7 2 Drop 11 | . . 5 6 Fire 47 | . 19 21 7 Melee . | . . . . Ram . | . . . . Kick . | . . . . Crush . | . . . . Escape Stasis . | . . . . Rewire . | . . . . Trap . | . . . . Miscellaneous . | . . . . Route ------- -11/Scrapyard -10/Materials (discovered 2 exits: *Mat / [*Min]) -9/Materials -8/Materials History --------- Turn | Location | Event 22 | -11/Scrapyard | Discovered new exit (range 13) 29 | -11/Scrapyard | Entered Materials 57 | -10/Materials | Discovered new exit (range 16) 152 | -10/Materials | Discovered new exit (range 16) 238 | -10/Materials | Entered another Materials area 238 | -9/Materials | Evolved 2 slots: Propulsion x2 317 | -9/Materials | Build established: Mutant 390 | -9/Materials | Repaired Lgt. Ion Engine 694 | -9/Materials | Discovered new exit (range 16) 701 | -9/Materials | Entered another Materials area 701 | -8/Materials | Evolved 2 slots: Utility x2 932 | -8/Materials | Self-destructed Last Messages --------------- Acquired Hrd. Medium Armor Plating. Dropped Lgt. Ion Engine. Acquired Imp. Signal Interpreter. G-47 Trooper suffers critical hit (Burn). Critical hit (Burn: +37). U-05 Engineer builds a Door. Imp. Propulsion Shielding destroyed. Imp. Hover Unit destroyed. Y-45 Defender destroyed. Acquired Imp. Flight Unit. Dropped Imp. Hover Unit. Dropped Hover Unit. Acquired Imp. Flight Unit. Imp. Ion Engine destroyed. Acquired Imp. Flight Unit. R-06 Scavenger collects Beam Rifle. Critical hit (Burn: +37). Autogun destroyed. Slug penetrates Wall. Reaction Control System destroyed. Map ----- +----------------------------------------------------+ | ?????????????????""" """ # ### ########### | | ??????????????????"" """ # #####/#####???????# | | ?????????????????? # + #???????# | | ??????????????????############# """ """ #???????# | | ??????????????????????????????# """ """ #???????# | | ??????????????????????????????# """ """ #???????# | | ??????????????????????????????# """ """ #???????# | | ??????????????????????????????# """ """ #???????# | | ??????????????????????????????# ?????????# | | ??????????????????????????????# ?????????# | | ??????????????????????????????########?########## | | ???????????????????????????????????????# * ## | | ???????????????????????????????????????# ## | | ???????????????????????????????????????# ## | | ???????????????????????????????????????# ## | | ???????????????????????????????????????# """## | | ???????????????????????????????????????# R"## | | ???????????????????????????????????????# """## | | ???????????????????????????????????????# ## | | ??????????????#############+######+######/####### | | ????????????? | | ????????????? | | ????????????? | | ????????????????????#######+###############/##### | | ????????????????????????# """ #???#%* T # | | ????????????????????????#@ r"Y" #???##!= = # | | ????????????????????????# #????#[! = =# | | ????????????????????????# #????# # | | ????????????????????????# #????# # | | ????????????????????????# """ #????# # | | ????????????????????????# """ #????# # | | ????????????????????????# """ #????# # | | ????????????????????????# #????########### | | ????????????????????????########????????????????+ | | ????????????????????????????????????????????????? | | ?????????????????????????????????????????????????? | | ?????????????????????????????????????????????????? | | ?????????????????????????????????????????????????? | | ?????????????????????????????????????????????????? | | ?????????????????????????????????????????????????? | | ?????????????????????????????????????????????????? | | ?????????????????????????????????????????????????? | | ?????????????????????????????????????????????????? | | ?????????????????????????????????????????????????? | | ?????????????????????????????????????????????????? | | ?????????????????????????????????????????????????? | | ?????????????????????????????????????????????????? | | ?????????????????????????????????????????????????? | | ?????????????????????????????????????????????????? | | ?????????????????????????????????????????????????? | +----------------------------------------------------+ Best States ------------- Heat Dissipation 38 Energy Generation 12 Energy Capacity 265 Matter Stores 300 Matter Capacity 300 Sight Range 16 Terrain Scan Density 10 Additional Mass Support 6 Armor Coverage 225 Propulsion Shielding 66 Evasion (%) 71 Item Schematics ----------------- None Robot Schematics ------------------ None Fabricated ------------ Nothing Alien Tech Used ----------------- None Achievements -------------- None Challenges ------------ None Game ------ Seed AntigravProjectionLaser Manual? 0 Play Time 00:18:33 Cumulative 22.9 hours Start 2024.05.24 @ 03:47:29 End 2024.05.24 @ 04:02:12 Sessions 1 Manual Loads 0 Difficulty Rogue Special Mode None Game No. 34 Rogue 34 Adventurer 0 Explorer 0 Win Type - Total 0 Types 0/0/0/0/0/0/0/0/0 Lore% 15 Gallery% 23 Achievement% 19 Wizard Run 0 Options --------- Layout 1 ASCII 0 Keyboard 0 Movement Mouse Keybinds 0 Fullscreen 2 Font 24/Smallcaps Map View 50x35 Zoom Use 0% Tactical HUD 0 Map Filters NONE Filters NONE Steam 1 RUN: 88b54fde-d2f6-4f26-9947-f1d2b75508f7